Map: Lerilak Crest

Players

SnowShiny

  • Race: Protoss Protoss
  • League: Grandmaster

SticklerMac - Winner!

  • Race: Zerg Zerg
  • League: Grandmaster

VOD

Have the link to the VOD?

Description

Time

  • Played on: July 18, 2015, 10:35 p.m.
  • Length: 6:44
Show
View Real Time Build Order
Export as new Build Order

SnowShiny Protoss 

Build Orders: 1 Gate Expand 

Get SALT Encoding   

  12  0:01  Probe  
  13  0:13  Probe  
  14  0:26  Pylon  
  14  0:41  Assimilator  
  14  0:44  Probe (Chrono Boost)  
  15  0:53  Gateway  
  15  0:55  Probe (Chrono Boost)  
  16  1:01  Probe  
  17  1:13  Probe  
  18  1:23  Nexus  
  18  1:28  Probe  
  19  1:50  Cybernetics Core  
  19  1:53  Probe  
  20  2:02  Pylon  
  20  2:05  Probe  
  20  2:07  Assimilator  
  21  2:17  Probe (Chrono Boost)  
  22  2:26  Warp Gate (Chrono Boost)  
  22  2:29  Probe (Chrono Boost)  
  23  2:41  Robotics Facility  
  25  2:47  Mothership Core (Chrono Boost), Probe (Chrono Boost)  
  26  2:55  Assimilator  
  27  2:59  Probe (Chrono Boost), Assimilator  
  27  3:03  Stalker  
  31  3:07  Probe x2 (Chrono Boost)  
  31  3:13  Probe x2 (Chrono Boost)  
  33  3:24  Probe (Chrono Boost)  
  35  3:30  Probe (Chrono Boost)  
  35  3:33  Pylon  
  36  3:34  Probe (Chrono Boost)  
  36  3:38  Probe (Chrono Boost)  
  37  3:41  Probe  
  37  3:43  Pylon  
  37  3:46  Observer (Chrono Boost)  
  39  3:49  Probe  
  39  3:53  Probe  
  39  3:54  Sentry  
  43  4:00  Immortal (Chrono Boost)  
  43  4:01  Probe  
  48  4:07  Robotics Facility  
  48  4:10  Probe  
  48  4:13  Probe  
  50  4:25  Gateway  
  50  4:26  Gateway  
  50  4:32  Pylon  
  50  4:40  Immortal  
  50  4:43  Probe x2  
  56  5:01  Robotics Bay  
  56  5:03  Probe x2 (Chrono Boost)  
  56  5:04  Pylon  
  58  5:11  Immortal  
  58  5:13  Probe x2 (Chrono Boost)  
  64  5:15  Stalker  
  66  5:27  Sentry  
  66  5:28  Sentry  
  70  5:30  Probe  
  70  5:31  Probe  
  73  5:42  Probe  
  73  5:43  Probe  
  74  5:50  Nexus  
  74  5:55  Pylon  
  74  5:57  Sentry  
  76  6:09  Pylon  
  67  6:23  Zealot x3  
Show
View Real Time Build Order
Export as new Build Order

SticklerMac Zerg - Winner!

Build Orders: 3 Hatch before Pool 

Get SALT Encoding   

  12  0:00  Drone  
  13  0:08  Drone  
  14  0:16  Overlord  
  14  0:42  Hatchery  
  13  0:45  Drone  
  13  0:48  Drone  
  15  0:52  Drone  
  16  1:18  Hatchery  
  16  1:20  Drone  
  16  1:23  Drone  
  17  1:27  Drone  
  17  1:32  Drone  
  19  1:44  Spawning Pool  
  18  1:48  Drone  
  19  1:54  Overlord  
  19  1:57  Drone  
  20  2:04  Extractor  
  20  2:05  Drone x2  
  21  2:14  Drone  
  22  2:18  Drone  
  23  2:28  Drone x2  
  25  2:31  Queen  
  25  2:34  Queen  
  29  2:42  Queen  
  31  2:45  Drone  
  31  2:47  Drone  
  31  2:50  Drone  
  34  2:52  Drone  
  34  2:55  Drone  
  34  2:57  Drone  
  37  2:59  Drone  
  38  3:06  Drone x3  
  38  3:11  Overlord  
  41  3:18  Drone  
  42  3:20  Overlord  
  42  3:22  Overlord  
  42  3:26  Metabolic Boost  
  42  3:31  Evolution Chamber  
  42  3:32  Drone  
  42  3:34  Evolution Chamber, Drone  
  42  3:36  Overlord  
  43  3:41  Drone  
  43  3:42  Zergling x4  
  45  3:49  Queen  
  45  3:51  Drone x2  
  45  3:53  Drone  
  50  3:58  Queen  
  52  4:02  Queen  
  52  4:04  Drone  
  52  4:07  Drone  
  52  4:08  Drone  
  57  4:12  Zerg Melee Weapons Level 1  
  57  4:14  Drone x2  
  57  4:15  Drone  
  60  4:20  Drone x3  
  60  4:22  Drone x2  
  65  4:28  Zergling x8  
  65  4:29  Zergling x2  
  70  4:36  Zergling x4  
  70  4:38  Zergling x4  
  74  4:40  Zerg Ground Armor Level 1  
  74  5:00  Overlord x4  
  74  5:01  Overlord x6  
  74  5:03  Overlord  
  74  5:05  Overlord  
  74  5:10  Overlord x2  
  73  5:33  Zergling x40  
  93  5:37  Zergling x2  
  93  5:42  Zergling x2  
  95  5:49  Zergling x4  
  93  5:56  Zergling x2  
  90  5:57  Zergling x14  
  90  5:58  Zergling x2  
  96  6:05  Zergling x10  
  96  6:08  Zergling x2  
  102  6:17  Zergling x4  
  103  6:22  Zergling x2  
  103  6:24  Zergling x2  
Tags
 
Add a new tag
Caveats
  • Supply blocks, unpowered buildings, or Contaminate may cause inaccurate times.
  • Supply counts are checked every 10 seconds.